 Dungeon Crawl Stone Soup version 0.20.0-15-g7f486f2 (webtiles) character file.

2461 NoAnimeNoLife the Basher (level 9, -2/57 HPs)
             Began as a Demonspawn Fighter on June 14, 2017.
             Was an Initiate of Ru.
             Slain by Prince Ribbit (7 damage)
             ... on level 7 of the Dungeon.
             The game lasted 00:11:09 (7591 turns).

NoAnimeNoLife the Basher (Demonspawn Fighter)       Turns: 7591, Time: 00:11:09

Health: -2/57      AC:  9    Str: 17    XL:     9   Next: 26%
Magic:  9/9        EV: 11    Int: 10    God:    Ru [......]
Gold:   235        SH:  0    Dex: 15    Spells: 8/8 levels left

rFire    . . .     SeeInvis .   t - +5 dire flail
rCold    . . .     Gourm    .   (shield currently unavailable)
rNeg     . . .     Faith    .   k - +0 steam dragon scales
rPois    .         Spirit   .   (helmet restricted)
rElec    .         Reflect  .   (no cloak)
rCorr    .         Harm     .   (no gloves)
MR       .....                  (no boots)
Stlth    +.........             (no amulet)
Regen    0.2/turn               (no ring)
MPRegen  0.2/turn               (no ring)

@: drained
A: horns 2, talons 1, icy blue scales 2, frail 1, mutation resistance 1, shaggy
fur 1
a: Renounce Religion


You were on level 7 of the Dungeon.
You worshipped Ru.
Ru was noncommittal.
You were not hungry.

You visited 2 branches of the dungeon, and saw 8 of its levels.

You collected 235 gold pieces.

Inventory:

Hand Weapons
 a - a +0 flail
 i - a +1 whip of freezing
 t - a +5 dire flail (weapon)
Armour
 b - a +0 scale mail
 c - a +0 shield
 k - +0 steam dragon scales (worn)
 C - +0 fire dragon scales
Jewellery
 B - a +3 ring of dexterity {unknown}
Wands
 j - a wand of polymorph (4/24)
 r - a wand of acid (6/15)
 w - a wand of flame (30/48)
 y - a wand of confusion (10/48)
 z - a wand of confusion (32/48)
Scrolls
 e - 4 scrolls of enchant armour {unknown}
 g - a scroll of fog {unknown}
 h - a scroll of blinking {unknown}
 l - 7 scrolls of identify {unknown}
 m - 3 scrolls of teleportation {unknown}
 n - 3 scrolls of remove curse {unknown}
 s - a scroll of amnesia {unknown}
 x - 3 scrolls of fear {unknown}
Potions
 d - a potion of might
 p - a potion of brilliance
 v - a potion of cancellation {unknown}
 A - a potion of curing
 D - a potion of lignification
Comestibles
 f - 3 bread rations
 o - 4 fruits
 q - 2 royal jellies
 u - a meat ration
 E - 8 chunks of flesh


   Skills:
 - Level 3.2(2.4) Fighting
 + Level 11.2(10.2) Maces & Flails
 - Level 3.1(2.3) Armour
 - Level 0.1(0.0) Dodging
 - Level 3.0(2.2) Shields


You had 8 spell levels left.
You didn't know any spells.

Dungeon Overview and Level Annotations

Branches:
Dungeon (7/15)             Temple (1/1) D:6

Altars:
Ashenzari
Dithmenos
Elyvilon
Fedhas
Gozag
Hepliaklqana
Kikubaaqudgha
Makhleb
Nemelex Xobeh
Okawaru
Ru
Uskayaw
Vehumet
Xom
Zin
The Shining One

Shops:
D:4 =

Annotations:
D:7 Prince Ribbit


Innate Abilities, Weirdness & Mutations

You have a pair of horns on your head.
You are mostly covered in icy blue scales. (AC +3)
You have sharp toenails.
You are frail. (-10% HP)
You are somewhat resistant to further mutation.
You are covered in fur. (AC +1)


Message History

You are too injured to fight recklessly!
You are too injured to fight recklessly!
You sock Prince Ribbit! Your kick misses Prince Ribbit.
Your headbutt misses Prince Ribbit.
Prince Ribbit is moderately wounded.
Prince Ribbit hops awkwardly around.
Prince Ribbit hits you!
* * * LOW HITPOINT WARNING * * *
You closely miss Prince Ribbit.
Prince Ribbit is moderately wounded.
Prince Ribbit hits you.
* * * LOW HITPOINT WARNING * * *
You miss Prince Ribbit.
You claw Prince Ribbit, but do no damage.
Prince Ribbit is moderately wounded.
Prince Ribbit closely misses you.
You barely miss Prince Ribbit. Your headbutt misses Prince Ribbit.
Prince Ribbit is moderately wounded.
Prince Ribbit hits you!
You die...

.. #....#
...##....###########
......?............#
...............[<.#######
..................##....##
........÷.÷..............#
............†............#
.........................#
.............@.......(...#
...#########..F..)##.....#
... ##......##.<..##
###.....#....#.......##....#
(.#.....#....#...(...##....#
..#.....#....#.......#.....+
..#..(..#....#.......#.....#
..#..[. #....#.......#..[..#
.##...# #....####....#######


You could see Prince Ribbit.

Vanquished Creatures
  Pikel (D:4)
  Grinder (D:4)
  A hippogriff (D:7)
  Eustachio (D:4)
  A steam dragon (D:6)
  3 slaves (D:4)
  A centaur (D:6)
  2 bullfrogs
  A scorpion (D:4)
  5 wights
  4 crimson imps
  A centaur skeleton (D:4)
  Crazy Yiuf (D:5)
  A hound (D:7)
  A jelly (D:6)
  3 orc priests
  3 orc wizards
  Ijyb (D:4)
  Terence (D:3)
  3 worker ants
  A hound skeleton (D:5)
  Robin (D:3)
  11 adders
  A howler monkey skeleton (D:6)
  11 river rats (D:5)
  A shadow imp (D:6)
  3 oozes
  An adder skeleton (D:4)
  3 dart slugs
  5 leopard geckos
  9 orcs
  10 giant cockroaches
  17 goblins
  11 hobgoblins
  8 jackals
  13 quokkas
  12 bats
  3 frilled lizards
  9 kobolds
  A quokka skeleton (D:5)
  20 rats
187 creatures vanquished.

Vanquished Creatures (others)
  A slave (D:4)
  A hound (D:4)
  An orc (D:4)
  2 fungi (D:6)
5 creatures vanquished.

Grand Total: 192 creatures vanquished

Notes
Turn   | Place    | Note
-------+----------+-------------------------------------------
     0 | D:1      | NoAnimeNoLife the Demonspawn Fighter began the quest for the Orb.
     0 | D:1      | Reached XP level 1. HP: 18/18 MP: 1/1
   176 | D:1      | Gained mutation: You are partially covered in icy blue scales. (AC +2) [demonic ancestry]
   176 | D:1      | Reached XP level 2. HP: 9/24 MP: 2/2
   430 | D:1      | Reached skill level 2 in Maces & Flails
   652 | D:1      | Reached XP level 3. HP: 27/29 MP: 3/3
  1172 | D:2      | Reached skill level 3 in Maces & Flails
  1192 | D:2      | Reached XP level 4. HP: 32/35 MP: 4/4
  1265 | D:2      | Found a sparkling altar of Nemelex Xobeh.
  1269 | D:2      | Found a blossoming altar of Fedhas.
  1366 | D:2      | Found a hazy altar of Hepliaklqana.
  1632 | D:3      | Found a glowing silver altar of Zin.
  1708 | D:3      | Noticed Terence
  1718 | D:3      | Killed Terence
  1718 | D:3      | Reached skill level 4 in Maces & Flails
  1718 | D:3      | Gained mutation: You have a pair of small horns on your head. [demonic ancestry]
  1718 | D:3      | Reached XP level 5. HP: 30/41 MP: 5/5
  1954 | D:3      | Noticed Robin
  1984 | D:3      | Killed Robin
  2431 | D:4      | Reached skill level 5 in Maces & Flails
  2442 | D:4      | Found Ivuupluk's Jewellery Shop.
  2502 | D:4      | Noticed a slave
  2528 | D:4      | Killed a slave
  2697 | D:4      | Noticed a slave
  2698 | D:4      | Noticed a slave
  2721 | D:4      | Killed a slave
  2778 | D:4      | Noticed a slave
  2810 | D:4      | Killed a slave
  2955 | D:4      | Noticed Pikel
  2994 | D:4      | Killed Pikel
  2994 | D:4      | Reached skill level 7 in Maces & Flails
  2994 | D:4      | Reached XP level 6. HP: 8/47 MP: 6/6
  2994 | D:4      | Gained mutation: You are mostly covered in icy blue scales. (AC +3) [demonic ancestry]
  2994 | D:4      | Reached XP level 7. HP: 8/52 MP: 7/7
  3336 | D:4      | Noticed Eustachio
  3347 | D:4      | Killed Eustachio
  3349 | D:4      | Noticed Ijyb
  3411 | D:4      | Killed Ijyb
  3713 | D:4      | Reached skill level 8 in Maces & Flails
  3840 | D:4      | Noticed Grinder
  3862 | D:4      | Killed Grinder
  3862 | D:4      | Gained mutation: You have a pair of horns on your head. [demonic ancestry]
  3862 | D:4      | Reached XP level 8. HP: 37/58 MP: 8/8
  4021 | D:5      | Entered Level 5 of the Dungeon
  4147 | D:4      | Reached skill level 9 in Maces & Flails
  4887 | D:5      | Found a radiant altar of Vehumet.
  5034 | D:5      | Found a runed door.
  5308 | D:5      | Noticed Crazy Yiuf
  5312 | D:5      | Killed Crazy Yiuf
  5540 | D:6      | Found a staircase to the Ecumenical Temple.
  5553 | Temple   | Entered the Ecumenical Temple
  5828 | D:6      | Reached skill level 10 in Maces & Flails
  6274 | D:6      | Found a sacrificial altar of Ru.
  6419 | D:6      | Gained mutation: You have sharp toenails. [potion of mutation]
  6419 | D:6      | Gained mutation: You are covered in fur. (AC +1) [potion of mutation]
  6419 | D:6      | Gained mutation: You are frail. (-10% HP) [potion of mutation]
  6419 | D:6      | Gained mutation: You are somewhat resistant to further mutation. [potion of mutation]
  6436 | D:6      | Reached XP level 9. HP: 4/57 MP: 9/9
  6829 | D:6      | Became a worshipper of Ru the Awakened
  7384 | D:7      | Noticed Prince Ribbit
  7467 | D:7      | Reached skill level 11 in Maces & Flails
  7591 | D:7      | Slain by Prince Ribbit

Skill      XL: |  1  2  3  4  5  6  7  8  9 |
---------------+----------------------------+-----
Armour         | 3 |  3.1
Maces & Flails | 2 3 4 7 8 10 11 | 11.2
Shields        | 3 |  3.0
Fighting       | |  3.2
Dodging        | |  0.1

Action                   |  1- 3 |  4- 6 |  7- 9 || total
-------------------------+-------+-------+-------++-------
Melee: Flail             |   153 |   222 |       ||   375
       Headbutt          |       |    21 |    76 ||    97
       Whip              |       |       |   351 ||   351
       Unarmed           |       |       |     2 ||     2
       Kick              |       |       |    13 ||    13
       Dire flail        |       |       |    34 ||    34
  Use: Potion            |     2 |     7 |     2 ||    11
  Eat: Chunk             |       |     7 |     7 ||    14
       Fruit             |       |       |     5 ||     5
       Bread ration      |       |       |     1 ||     1
Armor: Scale mail        |   100 |   125 |    97 ||   322
       Skin              |       |     1 |       ||     1
       Steam dragon scal |       |       |    16 ||    16
Dodge: Dodged            |    56 |    62 |    67 ||   185
Block: Shield            |   113 |   104 |    91 ||   308
